Map: Terrasses de Prion

Players

Carpenter

  • Race: Terran Terran
  • League: Silver

pupu - Winner!

  • Race: Protoss Protoss
  • League: Gold

VOD

Have the link to the VOD?

Description

Time

  • Played on: April 21, 2016, 12:32 p.m.
  • Length: 6:26
Show
View Real Time Build Order
Export as new Build Order

Carpenter Terran 

Build Orders:  

Get SALT Encoding   

  12  0:01  SCV  
  13  0:14  SCV  
  14  0:26  SCV  
  14  0:27  Supply Depot  
  15  0:46  Supply Depot  
  15  0:50  Barracks  
  15  0:56  Barracks  
  15  1:07  Barracks  
  15  1:20  Barracks  
  15  1:33  Supply Depot  
  15  1:36  Marine  
  16  1:48  Marine  
  17  1:54  Marine  
  17  1:59  Supply Depot  
  18  2:01  Marine  
  18  2:06  Marine  
  20  2:08  Marine  
  21  2:25  Marine x3  
  21  2:26  Marine  
  25  2:42  Marine  
  26  2:46  Marine x3  
  29  3:00  Marine  
  29  3:03  Marine  
  29  3:04  Marine x2  
  33  3:17  Bunker  
  33  3:18  Marine  
  34  3:21  Marine x2  
  34  3:22  Marine  
  37  3:36  Marine  
  37  3:39  Marine x2  
  37  3:40  Marine  
  41  3:48  Supply Depot  
  41  3:54  Marine  
  42  3:57  Marine x2  
  42  4:01  Marine  
  45  4:11  Marine  
  45  4:15  Marine  
  34  4:29  Marine x2  
  34  4:30  Marine  
  37  4:32  Marine  
  38  4:47  Marine x3  
  41  4:53  Bunker  
  41  4:57  Marine  
  42  5:05  Marine x3  
  43  5:15  Marine  
  43  5:27  Marine x3  
  46  5:33  Marine  
  37  5:45  Marine x3  
  36  5:50  Marine  
  36  6:03  Marine x3  
Show
View Real Time Build Order
Export as new Build Order

pupu Protoss - Winner!

Build Orders: 1 Gate Expand 

Get SALT Encoding   

  12  0:00  Probe (Chrono Boost)  
  13  0:11  Probe (Chrono Boost)  
  14  0:20  Pylon  
  14  0:24  Probe (Chrono Boost)  
  15  0:38  Probe (Chrono Boost)  
  15  0:41  Gateway  
  16  0:49  Probe (Chrono Boost)  
  17  0:52  Assimilator  
  17  0:59  Probe (Chrono Boost)  
  18  1:10  Probe (Chrono Boost)  
  19  1:21  Probe (Chrono Boost)  
  20  1:28  Nexus  
  20  1:32  Probe (Chrono Boost)  
  21  1:43  Probe (Chrono Boost)  
  21  1:47  Cybernetics Core  
  22  1:53  Probe (Chrono Boost)  
  23  1:56  Assimilator  
  23  2:00  Pylon  
  23  2:18  Probe (Chrono Boost), Gateway  
  23  2:24  Warp Gate (Chrono Boost)  
  23  2:29  Probe  
  24  2:39  Probe  
  24  2:41  Mothership Core  
  24  2:43  Zealot  
  29  2:54  Gateway  
  29  2:55  Probe  
  29  2:57  Pylon  
  30  3:02  Probe  
  31  3:06  Probe  
  32  3:14  Sentry  
  32  3:16  Zealot  
  36  3:25  Probe  
  36  3:26  Twilight Council  
  36  3:27  Probe  
  38  3:36  Probe  
  38  3:39  Probe  
  38  3:41  Zealot  
  42  3:43  Zealot  
  42  3:45  Zealot  
  42  3:47  Probe  
  46  3:51  Probe  
  46  3:54  Pylon  
  48  3:57  Probe  
  48  4:02  Forge  
  49  4:03  Probe  
  49  4:06  Pylon  
  49  4:08  Probe  
  47  4:24  Protoss Ground Weapons Level 1 (Chrono Boost)  
  47  4:26  Zealot  
  47  4:28  Probe  
  47  4:29  Probe  
  51  4:33  Zealot  
  51  4:34  Zealot  
  55  4:43  Photon Cannon  
  55  4:47  Photon Cannon  
  55  4:49  Probe x2, Photon Cannon  
  55  4:50  Pylon  
  55  4:52  Charge (Chrono Boost)  
  57  4:53  Pylon  
  57  4:57  Pylon  
  57  5:03  Probe, Gateway  
  57  5:04  Probe  
  57  5:06  Gateway  
  59  5:10  Assimilator  
  59  5:13  Assimilator  
  59  5:15  Pylon  
  53  5:26  Zealot x3  
  57  5:31  Probe x2  
  55  5:48  Zealot x3  
  57  5:56  Probe x2  
  57  6:10  Zealot x3  
Tags
 
Add a new tag
Caveats
  • Supply blocks, unpowered buildings, or Contaminate may cause inaccurate times.
  • Supply counts are checked every 10 seconds.